 Dungeon Crawl Stone Soup version 0.21.1-1-g345015f (webtiles) character file.

489 tidbits the Charmwright (level 7, 40/56 HPs)
             Began as a Gnoll Skald on June 22, 2018.
             Quit the game in the Ecumenical Temple.
             The game lasted 00:07:12 (882 turns).

tidbits the Charmwright (Gnoll Skald)                Turns: 882, Time: 00:07:12

Health: 40/56      AC:  4    Str: 13    XL:     7   Next: 14%
Magic:  10/15      EV: 14    Int: 18    God:
Gold:   19         SH:  4    Dex: 14    Spells: 6/17 levels left

rFire    . . .     SeeInvis .   a - +1 flail (protect)
rCold    . . .     Gourm    .   D - +0 buckler
rNeg     . . .     Faith    .   b - +0 leather armour
rPois    .         Spirit   .   (no helmet)
rElec    .         Reflect  .   (no cloak)
rCorr    .         Harm     .   (no gloves)
MR       .....                  F - +0 pair of boots
Stlth    +++.......             (no amulet)
HPRegen  0.18/turn              h - ring of stealth
MPRegen  0.14/turn              (no ring)

@: no status effects
A: distributed training, fangs 1, strong nose
a: no special abilities


You were in the Ecumenical Temple.
You were not hungry.

You visited 2 branches of the dungeon, and saw 6 of its levels.

You collected 19 gold pieces.

Inventory:

Hand Weapons
 a - a +1 flail of protection (weapon)
   (You took it off a gnoll on level 4 of the Dungeon)
 u - a +0 hand axe
Missiles
 k - 18 stones (quivered)
 l - 20 arrows
Armour
 b - a +0 leather armour (worn)
 j - a +0 ring mail
 D - a +0 buckler (worn)
 F - a +0 pair of boots (worn)
Jewellery
 h - a ring of stealth (left hand)
   (You found it on level 1 of the Dungeon)
Wands
 p - a wand of iceblast (3)
Scrolls
 e - a scroll of enchant armour {unknown}
 f - 3 scrolls of identify {unknown}
 g - a scroll of random uselessness {unknown}
 i - a scroll of amnesia {unknown}
 r - a scroll of magic mapping {unknown}
 t - a scroll of remove curse {unknown}
Potions
 m - a potion of haste {unknown}
 n - a potion of cancellation {unknown}
 o - a potion of brilliance {unknown}
 q - a potion of ambrosia {unknown}
 s - 2 potions of curing {unknown}
 v - a potion of magic {unknown}
Books
 c - a book of Battle

   Spells                             Type                      Level
   a - Infusion                       Charms                       1
   b - Shroud of Golubria             Charms/Translocation         2
   c - Song of Slaying                Charms                       2
   d - Spectral Weapon                Hexes/Charms                 3
   e - Regeneration                   Charms/Necromancy            3
Comestibles
 d - 2 rations
 w - 4 chunks of flesh


   Skills:
 + Level 5.1 Fighting
 + Level 2.2 Short Blades
 + Level 2.2 Long Blades
 + Level 5.1 Axes
 + Level 2.2 Maces & Flails
 + Level 2.2 Polearms
 + Level 2.2 Staves
 + Level 2.2 Slings
 + Level 2.2 Bows
 + Level 2.2 Crossbows
 + Level 2.2 Throwing
 + Level 3.4 Armour
 + Level 5.1 Dodging
 + Level 2.2 Stealth
 + Level 2.2 Shields
 + Level 2.2 Unarmed Combat
 + Level 5.5 Spellcasting
 + Level 1.8 Conjurations
 + Level 1.8 Hexes
 + Level 5.7 Charms
 + Level 1.8 Summonings
 + Level 1.8 Necromancy
 + Level 1.8 Translocations
 + Level 1.8 Transmutations
 + Level 1.8 Fire Magic
 + Level 1.8 Ice Magic
 + Level 1.8 Air Magic
 + Level 1.8 Earth Magic
 + Level 1.8 Poison Magic
 + Level 2.5 Invocations
 + Level 2.2 Evocations


You had 6 spell levels left.
You knew the following spells:

 Your Spells              Type           Power        Failure   Level  Hunger
g - Shroud of Golubria    Chrm/Tloc      ###.......   6%          2    #......
i - Infusion              Chrm           ####         1%          1    None
r - Regeneration          Chrm/Necr      ###.......   12%         3    ##.....
w - Spectral Weapon       Hex/Chrm       ###.....     12%         3    ##.....
y - Song of Slaying       Chrm           ####....     2%          2    #......


Dungeon Overview and Level Annotations

Branches:
Dungeon (5/15)             Temple (1/1) D:5

Altars:
Ashenzari
Dithmenos
Elyvilon
Gozag
Hepliaklqana
Kikubaaqudgha
Makhleb
Nemelex Xobeh
Qazlal
Sif Muna
Trog
Uskayaw
Vehumet
Wu Jian
Xom
Yredelemnul
Zin
The Shining One


Innate Abilities, Weirdness & Mutations

Your experience applies equally to all skills.
You have very sharp teeth.
Your uncanny sense of smell can sniff out nearby items.


Message History

The centaur shoots an arrow.
You block the arrow.
You see here an arrow.
The centaur misses you.
Casting: Regeneration
Confirm with . or Enter, or press ? or * to list all spells.
You draw out your weapon's spirit!
The centaur misses you.
You sock the centaur!
Your weapon exudes an aura of protection.
The centaur is heavily wounded.
The centaur misses you. The centaur hits you with a shortbow.
* * * LOW HITPOINT WARNING * * *
Your spectral weapon hits the centaur but does no damage.
You hit the centaur.
The centaur is severely wounded.
Your spectral weapon hits the centaur but does no damage.
The centaur misses you. The centaur barely misses you.
You barely miss the centaur.
The centaur is severely wounded.
Your spectral weapon hits the centaur!
You kill the centaur!
Your Short Blades skill increases to level 2!
Your Long Blades skill increases to level 2!
Your Maces & Flails skill increases to level 2!
Your Polearms skill increases to level 2!
Your Staves skill increases to level 2!
Your Slings skill increases to level 2!
Your Bows skill increases to level 2!
Your Crossbows skill increases to level 2!
Your Throwing skill increases to level 2!
Your Stealth skill increases to level 2!
Your Shields skill increases to level 2!
Your Unarmed Combat skill increases to level 2!
Your Evocations skill increases to level 2!
Casting: Spectral Weapon
Confirm with . or Enter, or press ? or * to list all spells.
Your skin crawls.
Things that are here:
a shortbow; 7 arrows; a centaur corpse
Okay, then.
Casting: Regeneration
Confirm with . or Enter, or press ? or * to list all spells.
You don't know that spell.
You butcher the centaur corpse.
Items here: % ( ) รท a shortbow; 7 arrows; 4 chunks of flesh; a centaur skeleton
l - 20 arrows (gained 7);
w - 4 chunks of flesh
Okay, then.
Found an amethyst potion.
Your skin is crawling a little less now.
You open the door.
Found a staircase to the Ecumenical Temple.
Blork the orc comes into view.
He is wielding a scimitar.
There is an open door here.
Evoke which item? (* to show all) (? for menu, Esc to quit)
Aiming: Iceblast
Press: ? - help, Shift-Dir - straight line, f - Blork the orc
Aim: Blork the orc, wielding a scimitar and wearing a robe (resting)
The mass of ice explodes!
The iceblast engulfs Blork the orc.
Blork the orc is severely wounded.
The iceblast engulfs the bush.
The bush is lightly damaged.
Evoke which item? (* to show all) (? for menu, Esc to quit)
Aiming: Iceblast
Press: ? - help, Shift-Dir - straight line, f/p - Blork the orc
Aim: Blork the orc, wielding a scimitar and wearing a robe (severely wounded)
The mass of ice explodes!
The iceblast engulfs Blork the orc.
You kill Blork the orc!
You have reached level 7!
The iceblast engulfs the bush.
The bush is lightly damaged.
Your skin stops crawling.
Found a stone staircase leading up.
A jelly comes into view.
Things that are here:
a scimitar; a robe
There is a staircase to the Ecumenical Temple here.
You sock the jelly!
Your weapon exudes an aura of protection.
The acid corrodes you!
Your hands burn!
The jelly is heavily wounded.
Your spectral weapon fades away.
The jelly hits you but does no damage. You block the jelly's attack.
Evoke which item? (* to show all) (? for menu, Esc to quit)
Aiming: Iceblast
Press: ? - help, Shift-Dir - straight line The mass of ice explodes!
The iceblast engulfs the jelly.
You kill the jelly!
You climb downwards.
Welcome to the Ecumenical Temple!
Found a shattered altar of Ashenzari and a white marble altar of Elyvilon.
There is a staircase back to the Dungeon here.
Unknown command.
Found an ancient bone altar of Kikubaaqudgha and a shimmering altar of Xom.
Found a deep blue altar of Sif Muna and a hide-covered altar of Uskayaw.
Found a glowing golden altar of the Shining One.
You are no longer corroded.
Found a shadowy altar of Dithmenos and a burning altar of Makhleb.
Found a stormy altar of Qazlal.
Found a radiant altar of Vehumet.
Found a hazy altar of Hepliaklqana.
Found an opulent altar of Gozag and a glowing silver altar of Zin.
Are you sure you want to abandon this character and quit the game? (Confirm with "yes".)

..........................
....................._....
..........................
.._......................#
............<...........##
.._......................#
..........................
...................._....
.......@................
..................._....
........................
..._...................#
......................#
....._......._...#####
.................#
#.........._.....#
#.....#.........#


There were no monsters in sight!

Vanquished Creatures
  Eustachio (D:5)
  A centaur (D:5)
  Blork the orc (D:5)
  A scorpion (D:4)
  A jelly (D:5)
  A hound (D:4)
  An orc wizard (D:5)
  A worker ant zombie (D:5)
  3 gnolls (D:4)
  An adder (D:2)
  2 leopard geckos
  5 orcs
  2 giant cockroaches
  A goblin (D:2)
  3 hobgoblins
  4 jackals (D:2)
  2 kobolds (D:3)
  2 quokkas (D:2)
  A ball python (D:4)
  3 bats
  2 frilled lizards (D:2)
  A quokka skeleton (D:4)
  3 rats
43 creatures vanquished.

Notes
Turn   | Place    | Note
-------+----------+-------------------------------------------
     0 | D:1      | tidbits the Gnoll Skald began the quest for the Orb.
     0 | D:1      | Reached XP level 1. HP: 20/20 MP: 6/6
   148 | D:2      | Reached XP level 2. HP: 24/26 MP: 4/7
   152 | D:2      | Learned a level 2 spell: Song of Slaying
   155 | D:2      | Learned a level 2 spell: Shroud of Golubria
   325 | D:2      | Reached XP level 3. HP: 28/31 MP: 2/9
   332 | D:2      | Reached skill level 5 in Spellcasting
   553 | D:4      | Reached skill level 1 in Short Blades
   553 | D:4      | Reached skill level 1 in Long Blades
   553 | D:4      | Reached skill level 1 in Maces & Flails
   553 | D:4      | Reached skill level 1 in Polearms
   553 | D:4      | Reached skill level 1 in Staves
   553 | D:4      | Reached skill level 1 in Slings
   553 | D:4      | Reached skill level 1 in Bows
   553 | D:4      | Reached skill level 1 in Crossbows
   553 | D:4      | Reached skill level 1 in Throwing
   553 | D:4      | Reached skill level 1 in Stealth
   553 | D:4      | Reached skill level 1 in Shields
   553 | D:4      | Reached skill level 1 in Unarmed Combat
   553 | D:4      | Reached skill level 1 in Invocations
   553 | D:4      | Reached skill level 1 in Evocations
   553 | D:4      | Reached XP level 4. HP: 16/38 MP: 3/11
   558 | D:4      | Learned a level 3 spell: Regeneration
   562 | D:4      | Learned a level 3 spell: Spectral Weapon
   594 | D:4      | Reached skill level 1 in Conjurations
   594 | D:4      | Reached skill level 1 in Hexes
   594 | D:4      | Reached skill level 1 in Summonings
   594 | D:4      | Reached skill level 1 in Necromancy
   594 | D:4      | Reached skill level 1 in Translocations
   594 | D:4      | Reached skill level 1 in Transmutations
   594 | D:4      | Reached skill level 1 in Fire Magic
   594 | D:4      | Reached skill level 1 in Ice Magic
   594 | D:4      | Reached skill level 1 in Air Magic
   594 | D:4      | Reached skill level 1 in Earth Magic
   594 | D:4      | Reached skill level 1 in Poison Magic
   640 | D:4      | Reached XP level 5. HP: 22/43 MP: 2/12
   655 | D:5      | Entered Level 5 of the Dungeon
   690 | D:4      | Found a basalt altar of Yredelemnul.
   754 | D:5      | Found a bloodstained altar of Trog.
   760 | D:5      | Found an ornate altar of the Wu Jian Council.
   763 | D:5      | Noticed Eustachio
   763 | D:5      | Reached skill level 3 in Armour
   773 | D:5      | Killed Eustachio
   773 | D:5      | Reached skill level 5 in Fighting
   773 | D:5      | Reached skill level 5 in Axes
   773 | D:5      | Reached skill level 5 in Dodging
   773 | D:5      | Reached skill level 2 in Invocations
   773 | D:5      | Reached XP level 6. HP: 19/51 MP: 3/14
   787 | D:5      | Found a sparkling altar of Nemelex Xobeh.
   832 | D:5      | Reached skill level 2 in Short Blades
   832 | D:5      | Reached skill level 2 in Long Blades
   832 | D:5      | Reached skill level 2 in Maces & Flails
   832 | D:5      | Reached skill level 2 in Polearms
   832 | D:5      | Reached skill level 2 in Staves
   832 | D:5      | Reached skill level 2 in Slings
   832 | D:5      | Reached skill level 2 in Bows
   832 | D:5      | Reached skill level 2 in Crossbows
   832 | D:5      | Reached skill level 2 in Throwing
   832 | D:5      | Reached skill level 2 in Stealth
   832 | D:5      | Reached skill level 2 in Shields
   832 | D:5      | Reached skill level 2 in Unarmed Combat
   832 | D:5      | Reached skill level 2 in Evocations
   839 | D:5      | Found a staircase to the Ecumenical Temple.
   840 | D:5      | Noticed Blork the orc
   842 | D:5      | Killed Blork the orc
   842 | D:5      | Reached XP level 7. HP: 34/56 MP: 4/15
   852 | Temple   | Entered the Ecumenical Temple
   882 | Temple   | Quit the game

Skill      XL: |  1  2  3  4  5  6 |
---------------+-------------------+-----
Spellcasting   | 5 |  5.5
Short Blades   | 1 2 |  2.2
Long Blades    | 1 2 |  2.2
Maces & Flails | 1 2 |  2.2
Polearms       | 1 2 |  2.2
Staves         | 1 2 |  2.2
Slings         | 1 2 |  2.2
Bows           | 1 2 |  2.2
Crossbows      | 1 2 |  2.2
Throwing       | 1 2 |  2.2
Stealth        | 1 2 |  2.2
Shields        | 1 2 |  2.2
Unarmed Combat | 1 2 |  2.2
Invocations    | 1 2 |  2.5
Evocations     | 1 2 |  2.2
Conjurations   | 1 |  1.8
Hexes          | 1 |  1.8
Summonings     | 1 |  1.8
Necromancy     | 1 |  1.8
Translocations | 1 |  1.8
Transmutations | 1 |  1.8
Fire Magic     | 1 |  1.8
Ice Magic      | 1 |  1.8
Air Magic      | 1 |  1.8
Earth Magic    | 1 |  1.8
Poison Magic   | 1 |  1.8
Armour         | 3 |  3.4
Fighting       | 5 |  5.1
Axes           | 5 |  5.1
Dodging        | 5 |  5.1
Charms         | |  5.7

Action                   |  1- 3 |  4- 6 |  7- 9 || total
-------------------------+-------+-------+-------++-------
Melee: Hand axe          |    70 |    15 |       ||    85
       Bite              |     3 |     4 |       ||     7
       Flail             |       |    24 |     1 ||    25
 Cast: Infusion          |    10 |       |       ||    10
       Song of Slaying   |     4 |     2 |       ||     6
       Regeneration      |       |     5 |       ||     5
       Spectral Weapon   |       |     4 |       ||     4
Evoke: Wand              |       |     4 |     2 ||     6
 Stab: Sleeping          |     2 |       |       ||     2
  Eat: Chunk             |       |     1 |       ||     1
Armor: Leather armour    |     9 |     5 |     1 ||    15
Dodge: Dodged            |    50 |    32 |       ||    82
Block: Buckler           |       |     6 |     1 ||     7

Table legend:
 A = Turns spent in this place as a percentage of turns spent in the entire game.
 B = Non-inter-level travel turns spent in this place as a percentage of non-inter-level travel turns spent in the entire game.
 C = Inter-level travel turns spent in this place as a percentage of turns spent in this place.
 D = Turns resting spent in this place as a percentage of non-inter-level travel turns spent in this place.
 E = Turns spent auto-exploring this place as a percentage of non-inter-level travel turns spent in this place.
 F = Non-inter-level travel turns spent in this place divided by the number of levels of this place that you've seen.
                   A       B       C       D       E      F
               +-------+-------+-------+-------+-------+----------------------
         Total | 100.0 | 100.0 |   1.4 |   0.0 |   0.0 | 145.0
       Dungeon |  96.6 |  96.6 |   1.4 |   0.0 |   0.0 | 168.0
        Temple |   3.4 |   3.4 |   0.0 |   0.0 |   0.0 |  30.0
               +-------+-------+-------+-------+-------+----------------------

Table legend:
 A = Kills in this place as a percentage of kills in entire the game.
 B = Kills by you in this place as a percentage of kills by you in the entire game.
 C = Kills by friends in this place as a percentage of kills by friends in the entire game.
 D = Other kills in this place as a percentage of other kills in the entire game.
 E = Experience gained in this place as a percentage of experience gained in the entire game.
 F = Experience gained in this place divided by the number of levels of this place that you have seen.
                   A       B       C       D       E      F
               +-------+-------+-------+-------+-------+----------------------
         Total | 100.0 | 100.0 |   N/A |   N/A | 100.0 | 116.5
       Dungeon | 100.0 | 100.0 |   N/A |   N/A | 100.0 | 139.8
               +-------+-------+-------+-------+-------+----------------------

Vault maps used:
D:1:      lemuel_arrival_room, hangedman_decor_clover_reticule
D:2:      trog_hazing_becter
D:3:      fedhas_altar_fruit_tree
D:4:      cheibriados_altar_1, yredelemnul_forgotten_temple_becter, first_ration
D:5:      grunt_temple_overflow_open, minmay_temple_entry_overgrown,
          uniq_blork_the_orc, uniq_eustachio
Temple:   nicolae_temple_great_sept
